 Dungeon Crawl Stone Soup version 0.29-a0-370-gb5314be063 (webtiles) character file.

Game seed: 16260819287742230772

175 Lekart the Skirmisher (level 5, -2/46 HPs)
             Began as a Draconian Fighter on May 2, 2022.
             Slain by Crazy Yiuf
             ... wielding a +4 quarterstaff of chaos
              (14 damage)
             ... on level 3 of the Dungeon.
             The game lasted 00:04:25 (3450 turns).

Lekart the Skirmisher (Draconian Fighter)           Turns: 3450, Time: 00:04:26

Health: -2/46      AC:  6    Str: 23    XL:     5   Next: 29%
Magic:  5/5        EV: 12    Int:  4    God:
Gold:   167        SH:  4    Dex: 12    Spells: 4/4 levels left

rFire   + . .      SeeInvis .   a - +0 war axe
rCold   . . .      Faith    .   b - +0 buckler
rNeg    . . .      Spirit   .   (body armour unavailable)
rPois   .          Reflect  .   (helmet restricted)
rElec   .          Harm     .   f - scarf {repulsion}
rCorr   .          Rampage  .   (no gloves)
Will    +....                   d - +0 pair of boots of Gluttony {rF+ Will+ Str+4 Int-4}
Stlth   +.........              (no amulet)
HPRegen 0.15/turn               (no ring)
MPRegen 0.09/turn               (no ring)

@: repel missiles
A: AC +5, unfitting armour, cold-blooded, screaming 1
a: no special abilities


You were on level 3 of the Dungeon.
You visited 1 branch of the dungeon, and saw 3 of its levels.

You collected 167 gold pieces.

Inventory:

Hand Weapons
 a - a +0 war axe (weapon)
Armour
 b - a +0 buckler (worn)
 d - the +0 pair of boots of Gluttony (worn) {rF+ Will+ Str+4 Int-4}
   (You acquired it on level 2 of the Dungeon)

   Str:       It affects your strength (+4).
   Int:       It affects your intelligence (-4).
   rF:        It protects you from fire.
   Will:      It increases your willpower.
 f - a scarf of repulsion (worn)
Jewellery
 i - an amulet of magic regeneration
 k - a +6 ring of intelligence
Scrolls
 h - a scroll of teleportation
Potions
 c - 2 potions of might
 e - 3 potions of heal wounds
 l - a potion of curing {unknown}


   Skills:
 + Level 4.2 Fighting
 + Level 3.9 Axes
 + Level 3.4 Dodging
 - Level 0.4 Stealth
 + Level 3.3 Shields


You had 4 spell levels left.
You didn't know any spells.
Your spell library contained the following spells:

 Spells                   Type           Power      Damage    Failure   Level
 Animate Skeleton         Necr           0%         N/A       58%         1
 Magic Dart               Conj           0%         1d3       58%         1
 Pain                     Necr           0%         1d4       58%         1
 Searing Ray              Conj           0%         2d4       75%         2
 Vampiric Draining        Necr           0%         2d6       92%         3
 Fulminant Prism          Conj/Hex       0%         3d6       100%        4
 Summon Forest            Summ/Tloc      0%         N/A       100%        5
 Eringya's Noxious Bog    Tmut/Pois      0%         N/A       100%        6
 Summon Hydra             Summ           0%         N/A       100%        7


Dungeon Overview and Level Annotations

Branches:
Dungeon (3/15)

Altars:
Yredelemnul

Annotations:
D:2 exclusion: downstairs
D:3 Crazy Yiuf


Innate Abilities, Weirdness & Mutations

Your plain brown scales are hard. (AC +5)
You cannot fit into any form of body armour.
You are cold-blooded and may be slowed by cold attacks.
You occasionally shout uncontrollably at your foes.


Message History

You tail-slap Crazy Yiuf, but do no damage.
Crazy Yiuf is severely wounded.
Crazy Yiuf hits you with a +4 quarterstaff of chaos.
Crazy Yiuf draws strength from your wounds!
You hit Crazy Yiuf.
Crazy Yiuf is severely wounded.
Crazy Yiuf sings, "Trees, trees, trees, circus!"
Crazy Yiuf misses you. You block Crazy Yiuf's attack.
You completely miss Crazy Yiuf.
Crazy Yiuf is severely wounded.
Crazy Yiuf hits you with a +4 quarterstaff of chaos!
You closely miss Crazy Yiuf.
Crazy Yiuf is severely wounded.
Crazy Yiuf hits you with a +4 quarterstaff of chaos!
Crazy Yiuf draws strength from your wounds!
You are too injured to fight recklessly!
You hit Crazy Yiuf but do no damage.
Crazy Yiuf is heavily wounded.
Crazy Yiuf hits you with a +4 quarterstaff of chaos!
* * * LOW HITPOINT WARNING * * *
Crazy Yiuf draws strength from your wounds!
Crazy Yiuf completely misses you.
You hit Crazy Yiuf.
Crazy Yiuf is moderately wounded.
Crazy Yiuf waves his quarterstaff at you.
Crazy Yiuf barely misses you.
You completely miss Crazy Yiuf.
Crazy Yiuf is moderately wounded.
You block Crazy Yiuf's attack.
You closely miss Crazy Yiuf.
You tail-slap Crazy Yiuf, but do no damage.
Crazy Yiuf is moderately wounded.
Crazy Yiuf barely misses you. x2
You hit Crazy Yiuf.
Your tail-slap misses Crazy Yiuf.
Crazy Yiuf is heavily wounded.
Crazy Yiuf closely misses you.
You slash Crazy Yiuf!
Crazy Yiuf is almost dead.
Crazy Yiuf hits you with a +4 quarterstaff of chaos!
You die...

#####
#..)#
#.))#
.). #g#
♣♣@♣
♣)♣♣
♣♣.♣
♣)♣♣
♣♣)♣♣
♣.♣.♣♣
♣....♣
##
#....#
#.
#....###
#.


You could see Crazy Yiuf.

Vanquished Creatures
  An orc priest (D:3)
  An orc wizard (D:3)
  2 adders
  6 worms
  4 dart slugs
  7 orcs
  6 endoplasms
  3 giant cockroaches (D:1)
  4 goblins
  2 hobgoblins (D:1)
  4 jackals (D:3)
  A quokka (D:3)
  6 ball pythons
  A ball python zombie (D:3)
  8 bats
  3 frilled lizards
  A giant cockroach zombie (D:3)
  5 kobolds
  4 rats
69 creatures vanquished.

Notes
Turn   | Place    | Note
-------+----------+-------------------------------------------
     0 | D:1      | Lekart the Draconian Fighter began the quest for the Orb.
     0 | D:1      | Reached XP level 1. HP: 19/19 MP: 1/1
   277 | D:1      | Found a faded altar of an unknown god.
   406 | D:1      | Reached XP level 2. HP: 22/26 MP: 2/2
  1031 | D:1      | Gained mutation: You occasionally shout uncontrollably at
                  | your foes. [potion of mutation]
  1070 | D:2      | Reached XP level 3. HP: 33/33 MP: 3/3
  1467 | D:2      | Reached skill level 4 in Fighting
  1771 | D:2      | Identified a scroll of acquirement
  1771 | D:2      | Acquired the +0 pair of boots of Gluttony {rF+ Will+ Str+4
                  | Int-4}
  2523 | D:3      | Reached XP level 4. HP: 40/40 MP: 4/4
  2764 | D:3      | HP: 1/40 [something (3)]
  2770 | D:3      | Reached XP level 5. HP: 18/46 MP: 5/5
  3192 | D:3      | Found a basalt altar of Yredelemnul.
  3320 | D:3      | Found a runed translucent door.
  3321 | D:3      | Noticed Crazy Yiuf
  3450 | D:3      | Slain by Crazy Yiuf

Illustrated notes

Levels and vault maps discovered:
D:1:      psy_arrival_radial01, layout_basic, shapermc_ecumenical_altar_pompeii
D:2:      layout_rooms
D:3:      layout_rooms, lemuel_zombie_altar_yredelemnul, minmay_statues_item,
          nicolae_wormholes, uniq_crazy_yiuf_cottage

Skill      XL: |  1  2  3  4 |
---------------+-------------+-----
Dodging        | 3 |  3.4
Fighting       | 4 |  4.2
Axes           | 3 |  3.9
Stealth        | |  0.4
Shields        | |  3.3

Action                   |  1- 3 |  4- 6 || total
-------------------------+-------+-------++-------
Melee: War axe           |   101 |    76 ||   177
       Tailslap          |     8 |     6 ||    14
  Use: Scroll            |     7 |       ||     7
       Potion            |     1 |     1 ||     2
 Stab: Sleeping          |     3 |     1 ||     4
Armor: Skin              |    33 |    35 ||    68
Dodge: Dodged            |    60 |    49 ||   109
Block: Buckler           |    25 |    20 ||    45

Table legend: (Time is in decaauts)
 A = Elapsed time spent in this place.
 B = Non-inter-level travel time spent in this place.
 C = Inter-level travel time spent in this place.
 D = Time resting spent in this place.
 E = Time spent auto-exploring this place.
 F = Levels seen in this place.
 G = Mean time per level.
                   A        B        C        D        E       F      G
               +--------+--------+--------+--------+--------+-----+--------+
         Total |   3522 |   3443 |     79 |    609 |   2288 |   3 | 1174.0 |
       Dungeon |   3522 |   3443 |     79 |    609 |   2288 |   3 | 1174.0 |
               +--------+--------+--------+--------+--------+-----+--------+

Top non-repeatable levels by time:
     D:1: 1244 daAuts
     D:2: 1207 daAuts
     D:3: 1070 daAuts
